 Dungeon Crawl Stone Soup version 0.29.1-1-gd02db6906a (webtiles) character file.

Game seed: 4159322417799351547

6589 Earthwalker the Spear-Bearer (level 10, -3/90 HPs)
             Began as a Minotaur Fighter on Oct 9, 2022.
             Was an Elder of Okawaru.
             Slain by a death yak (18 damage)
             ... on level 8 of the Dungeon.
             The game lasted 00:33:37 (9714 turns).

Earthwalker the Spear-Bearer (Minotaur Fighter)     Turns: 9714, Time: 00:33:38

Health: -3/90      AC: 15    Str: 22    XL:     10   Next: 71%
Magic:  9/9        EV:  8    Int:  5    God:    Okawaru [****..]
Gold:   548        SH:  5    Dex: 13    Spells: 9/9 levels left

rFire   . . .      SeeInvis +   a - +1 trident (flame)
rCold   . . .      Faith    .   c - +0 buckler
rNeg    . . .      Spirit   .   v - +0 plate armour
rPois   .          Reflect  .   (helmet restricted)
rElec   .          Harm     .   B - +0 cloak
rCorr   .          Rampage  .   (no gloves)
Will    .....                   (no boots)
Stlth   ..........              p - amulet of the acrobat
HPRegen 0.25/turn               h - ring of see invisible
MPRegen 0.11/turn               F - +4 ring of slaying

@: no status effects
A: horns 2, retaliatory headbutt
a: Renounce Religion, Heroism, Finesse


You were on level 8 of the Dungeon.
You worshipped Okawaru.
Okawaru was greatly pleased with you.
You visited 1 branch of the dungeon, and saw 9 of its levels.

You collected 548 gold pieces.

Inventory:

Hand Weapons
 a - a +1 trident of flaming (weapon)
 s - a +0 arbalest
 A - a +2 quarterstaff of chaos
Missiles
 w - 4 poisoned darts (quivered)
 E - 3 curare-tipped darts
Armour
 b - a +0 scale mail
 c - a +0 buckler (worn)
 i - a +3 leather armour of fire resistance
 u - +0 steam dragon scales
 v - a +0 plate armour (worn)
 B - a +0 cloak (worn)
Jewellery
 h - a ring of see invisible (left hand)
 j - a ring of see invisible
 p - an amulet of the acrobat (around neck)
 D - a ring of wizardry
 F - a +4 ring of slaying (right hand)
Wands
 m - a wand of polymorph (4)
 r - a wand of mindburst (14)
 G - a wand of iceblast (5)
Scrolls
 f - 2 scrolls of brand weapon
 k - 10 scrolls of identify
 o - 4 scrolls of teleportation
 q - 3 scrolls of enchant weapon
 t - a scroll of immolation
 y - a scroll of magic mapping
 C - a scroll of vulnerability {unknown}
 I - a scroll of fog {unknown}
 J - 2 scrolls of blinking
Potions
 d - a potion of might
 e - 2 potions of mutation
 g - 2 potions of berserk rage
 l - 2 potions of curing
 n - a potion of flight
 x - a potion of haste {unknown}
 z - a potion of degeneration
 H - 2 potions of ambrosia {unknown}


   Skills:
 * Level 8.8 Fighting
 * Level 11.7 Polearms
 + Level 1.1 Throwing
 * Level 9.4 Armour
 * Level 5.3 Dodging
 * Level 4.7 Stealth
 * Level 6.9 Shields


You had 9 spell levels left.
You didn't know any spells.
Your spell library contained the following spells:

 Spells                   Type           Power      Damage    Failure   Level
 Apportation              Tloc           0%         N/A       100%        1
 Magic Dart               Conj           0%         1d3       100%        1
 Necrotise                Necr           0%         1d4       100%        1
 Ensorcelled Hibernation  Hex/Ice        0%         N/A       100%        2
 Mephitic Cloud           Conj/Pois/Air  0%         N/A       100%        3
 Spider Form              Tmut/Pois      0%         N/A       100%        3
 Vampiric Draining        Necr           0%         2d6       100%        3
 Anguish                  Hex/Necr       0%         N/A       100%        4
 Agony                    Necr           0%         N/A       100%        5
 Summon Small Mammal      Summ           Unusable   N/A       N/A         1
 Call Imp                 Summ           Unusable   N/A       N/A         2
 Call Canine Familiar     Summ           Unusable   N/A       N/A         3
 Summon Guardian Golem    Hex/Summ       Unusable   N/A       N/A         3

Dungeon Overview and Level Annotations

Branches:
Dungeon (9/15)             Temple (0/1) D:7
   Lair: D:8-11         Orc: D:9-12

Altars:
Cheibriados
Dithmenos
Gozag
Nemelex Xobeh
Okawaru
Ru
Uskayaw
Vehumet
Xom

Shops:
D:4 ?


Innate Abilities, Weirdness & Mutations

You have a pair of horns on your head.
You reflexively headbutt those who attack you in melee.


Message History

The death yak is moderately wounded.
The death yak gores you.
You impale the death yak!! You burn the death yak!
The death yak is severely wounded.
The death yak completely misses you.
You puncture the death yak! You burn the death yak.
The death yak is almost dead.
The death yak gores you!
You puncture the death yak! You burn the death yak.
You headbutt the death yak, but do no damage.
The death yak is almost dead.
You puncture the death yak! You burn the death yak.
You kill the death yak!
Okawaru accepts your kill.
You see here a death yak corpse.
There is a stone staircase leading down, spattered with blood here.
You climb downwards.
The death yak gores you!! x2
There is a stone staircase leading up, spattered with blood here.
The death yak attacks as you move away! The death yak barely misses you.
The death yak attacks as you move away! You block the death yak's attack.
The death yak attacks as you move away! The death yak gores you!
The death yak snorts and paws the ground.
There is a stone staircase leading up, spattered with blood here.
The death yak gores you but does no damage.
The death yak barely misses you.
You climb upwards.
There is a stone staircase leading down here.
The death yak attacks as you move away! You block the death yak's attack.
The death yak attacks as you move away! The death yak gores you!
* * * LOW HITPOINT WARNING * * *
There is an open door here.
The death yak attacks as you move away!
The death yak gores you but does no damage.
You barely miss the death yak.
You headbutt the death yak, but do no damage.
The death yak gores you but does no damage.
You barely miss the death yak. The death yak gores you.
* * * LOW HITPOINT WARNING * * *
The death yak attacks as you move away! The death yak gores you!!
You die...

....#.....#..>........# #....#..
....'.....########....# #....#..
....####'###..<..+....# #....#..
....##....##.....#....# #....#..
....##.....#.....#....# #....'..
....##.....#.....#....####....#..
....#......#.....+....#..######..
....#.....##.....#....#..........
######....##....@#....#......##..
....##....##.....YY...#..##..##..
....####'###.....#>...#'###..##..
..........##.....#....#..#.......
....##....########....'..#.......
....##....##.....#....#..##..##..
....##....##../..#....#.(##..##..
....+............#....+...[..##'#
....##...........#....#...)..#...


You could see 2 death yaks.

Vanquished Creatures
  4 death yaks
  A two-headed ogre (D:8)
  Maggie (D:6)
  Grinder (D:6)
  Prince Ribbit (D:7)
  Eustachio (D:4)
  A water moccasin (D:8)
  4 orc warriors
  A sky beast (D:8)
  An ice beast (D:6)
  A black bear (D:4)
  2 ogres
  A centaur (D:5)
  A kobold brigand (D:7)
  Blork the orc (D:6)
  4 bullfrogs
  A necrophage (D:6)
  3 scorpions (D:5)
  3 wights (D:7)
  3 killer bees (D:8)
  2 howler monkeys
  3 hounds
  Crazy Yiuf (D:6)
  9 orc priests
  3 iguanas
  Ijyb (D:3)
  7 orc wizards
  9 adders
  7 gnolls (D:4)
  A shadow imp (D:6)
  A white imp (D:5)
  3 ufetubi
  A worm (D:4)
  2 dart slugs
  30 orcs
  8 endoplasms
  2 giant cockroaches
  9 goblins
  6 hobgoblins
  2 jackals (D:2)
  A quokka (D:2)
  3 ball pythons
  5 bats
  5 frilled lizards
  4 kobolds
  3 rats
164 creatures vanquished.

Notes
Turn   | Place    | Note
-------+----------+-------------------------------------------
     0 | D:1      | Earthwalker the Minotaur Fighter began the quest for the
                  | Orb.
     0 | D:1      | Reached XP level 1. HP: 19/19 MP: 0/0
   264 | D:1      | Reached XP level 2. HP: 27/27 MP: 1/1
  1453 | D:3      | Reached XP level 3. HP: 29/33 MP: 2/2
  1502 | D:3      | Reached skill level 3 in Polearms
  1760 | D:3      | Found a sacrificial altar of Ru.
  1890 | D:3      | Found an opulent altar of Gozag.
  1946 | D:3      | Reached skill level 1 in Stealth
  2016 | D:3      | Reached XP level 4. HP: 40/40 MP: 3/3
  2086 | D:3      | Found a radiant altar of Vehumet.
  2276 | D:4      | Noticed Ijyb
  2427 | D:3      | Killed Ijyb
  2428 | D:3      | Reached skill level 4 in Polearms
  2428 | D:3      | Reached skill level 1 in Dodging
  2461 | D:4      | Reached XP level 5. HP: 46/46 MP: 4/4
  2464 | D:3      | Found a sparkling altar of Nemelex Xobeh.
  2474 | D:3      | Found a shadowy altar of Dithmenos.
  2634 | D:4      | Found Belly's Magic Scroll Shoppe.
  2638 | D:5      | Entered Level 5 of the Dungeon
  2827 | D:4      | Noticed Eustachio
  2864 | D:4      | Killed Eustachio
  2865 | D:4      | Reached XP level 6. HP: 36/53 MP: 5/5
  2978 | D:4      | Reached skill level 5 in Polearms
  2978 | D:4      | Reached skill level 5 in Armour
  3336 | D:4      | Noticed an orc warrior
  3350 | D:4      | Killed an orc warrior
  3351 | D:4      | Reached skill level 5 in Fighting
  3351 | D:4      | Reached XP level 7. HP: 37/61 MP: 6/6
  3843 | D:4      | Found a snail-covered altar of Cheibriados.
  4059 | D:4      | Reached skill level 6 in Polearms
  4263 | D:5      | Found a hide-covered altar of Uskayaw.
  4374 | D:5      | Reached skill level 5 in Shields
  4626 | D:6      | Noticed Grinder
  4793 | D:5      | Reached skill level 7 in Polearms
  4793 | D:5      | Reached XP level 8. HP: 54/70 MP: 7/7
  5531 | D:6      | Noticed Maggie
  5555 | D:6      | Killed Maggie
  5556 | D:6      | Reached skill level 8 in Polearms
  6002 | D:6      | Noticed Blork the orc
  6008 | D:6      | Killed Blork the orc
  6024 | D:6      | Found an iron altar of Okawaru.
  6027 | D:6      | Became a worshipper of Warmaster Okawaru
  6066 | D:6      | Killed Grinder
  6273 | D:6      | Reached XP level 9. HP: 78/78 MP: 8/8
  6652 | D:6      | Found a shimmering altar of Xom.
  6735 | D:6      | Found a runed translucent door.
  6736 | D:6      | Noticed Crazy Yiuf
  7034 | D:6      | Killed Crazy Yiuf
  7111 | D:7      | Reached skill level 9 in Polearms
  7385 | D:8      | Reached * piety under Okawaru
  7416 | D:8      | Noticed a two-headed ogre
  7426 | D:8      | Killed a two-headed ogre
  7426 | D:8      | Reached ** piety under Okawaru
  7689 | D:8      | Reached skill level 10 in Polearms
  7717 | D:8      | Found a flagged portal.
  8645 | D:7      | Reached XP level 10. HP: 84/87 MP: 9/9
  8764 | D:7      | Found a staircase to the Ecumenical Temple.
  8871 | D:7      | Noticed Prince Ribbit
  8881 | D:7      | Killed Prince Ribbit
  8881 | D:7      | Reached *** piety under Okawaru
  9167 | D:9      | Noticed a death yak
  9181 | D:9      | Killed a death yak
  9184 | D:9      | Noticed a death yak
  9184 | D:9      | Noticed a death yak
  9184 | D:9      | Noticed a death yak
  9184 | D:9      | Noticed a death yak
  9184 | D:9      | Noticed a death yak
  9200 | D:8      | Killed a death yak
  9200 | D:8      | Reached **** piety under Okawaru
  9201 | D:8      | Reached skill level 11 in Polearms
  9201 | D:8      | Reached skill level 1 in Throwing
  9201 | D:8      | Reached skill level 5 in Dodging
  9493 | D:8      | Killed a death yak
  9700 | D:8      | Killed a death yak
  9714 | D:8      | Slain by a death yak

Illustrated notes

Levels and vault maps discovered:
D:1:      minmay_arrival_stone_box, layout_basic, bh_walls_and_bars
D:2:      layout_basic, mrwooster_statue_mirror, kennysheep_path_1
D:3:      minmay_chambers_of_twos, layout_basic,
          nicolae_dithmenos_shadow_blocks, grunt_gozag_breadcrumbs,
          nemelex_xobeh_ov_fountains_minmay, lemuel_coloured_pillars_altar,
          nicolae_ru_path_of_blood, serial_glass, glass_columns_a,
          glass_columns_b, minmay_strange_pillars, minmay_strange_pillars,
          feat_on_display, minmay_misc_feat_diagonals,
          chequers_serial_rivers_room_a
D:4:      layout_loops_corners, cheibrodos_worm_habitat, serial_shops, shop,
          guppyfry_early_orc_mine, uniq_eustachio, uniq_ijyb
D:5:      layout_loops_ring, kennysheep_little_box
D:6:      layout_loops_ring, marbit_many_paths, kennysheep_mini_moat,
          uniq_blork_the_orc, uniq_crazy_yiuf_cottage, uniq_maggie, uniq_grinder
D:7:      layout_cave_pools, minmay_temple_entry_glassed_door,
          uniq_prince_ribbit1
D:8:      layout_gridville, enter_bailey_5
D:9:      layout_cave_pools, nicolae_hepliaklqana_hazy_memory,
          dpeg_lair_monsters

Skill      XL: |  1  2  3  4  5  6  7  8  9 10 |
---------------+-------------------------------+-----
Armour         | 4 5 6 8 9 |  9.4
Polearms       | 3 4 5 7 8 10 11 | 11.7
Fighting       | 4 5 6 7 8 |  8.8
Shields        | 4 5 6 |  6.9
Stealth        | 1 2 3 4 |  4.7
Dodging        | 1 2 3 4 5 |  5.3
Throwing       | 1 |  1.1

Action                   |  1- 3 |  4- 6 |  7- 9 | 10-12 || total
-------------------------+-------+-------+-------+-------++-------
Melee: Trident           |    82 |    82 |   301 |    58 ||   523
       Headbutt          |     6 |    17 |    51 |    16 ||    90
       Unarmed           |       |     5 |       |       ||     5
Throw: Dart              |       |     8 |     4 |     4 ||    16
  Use: Scroll            |     6 |       |     8 |       ||    14
 Stab: Sleeping          |       |       |     2 |       ||     2
Armor: Scale mail        |    36 |    18 |       |       ||    54
       Plate armour      |       |       |    78 |    17 ||    95
Dodge: Dodged            |    29 |    29 |    96 |    15 ||   169
Block: Buckler           |    11 |    14 |    65 |     6 ||    96
